 Dungeon Crawl Stone Soup version 0.16-a0-3458-g6d2551d (webtiles) character file.

452 NewYearsCrawler the Chopper (level 7, -5/46 HPs)
             Began as a Formicid Fighter on Jan 2, 2015.
             Slain by an elf zombie (6 damage)
             ... in an ossuary.
             The game lasted 00:05:38 (2886 turns).

NewYearsCrawler the Chopper (Formicid Fighter)      Turns: 2886, Time: 00:05:38

Health: -5/46      AC:  7    Str: 22    XL:     7   Next: 25%
Magic:  9/9        EV:  8    Int: 10    God:
Gold:   170        SH:  9    Dex: 10    Spells: 0 memorised, 6 levels left

rFire  . . .     SeeInvis +     a - +0 war axe
rCold  . . .     Clarity  .     b - +0 scale mail
rNeg   . . .     SustAb   .     c - +0 shield
rPois  .         Gourm    .     (helmet unavailable)
rElec  .         Spirit   .     (no cloak)
rCorr  .         Warding  .     (no gloves)
rMut   .         Stasis   +     (no boots)
MR     .....                    (no amulet)
Stlth  ..........               (no ring)
                                q - +1 ring of protection

@: lethally poisoned, not resistant to hostile enchantments, extremely
unstealthy
A: permanent stasis, dig shafts and tunnels, four strong arms, antennae 3,
blurry vision 1, clever 1, deterioration 1, frail 1, evolution 1, MP-powered
wands 1
a: Dig, Shaft Self


You were in an ossuary.
You were hungry.

You visited 1 branch of the dungeon, and saw 4 of its levels.
You also visited: Ossuary.

You collected 170 gold pieces.

Inventory:

Hand weapons
 a - a +0 war axe (weapon)
Armour
 b - a +0 scale mail (worn)
 c - a +0 shield (worn)
Jewellery
 q - a +1 ring of protection (left hand)
Magical devices
 j - a wand of flame (11)
Scrolls
 g - 2 scrolls of amnesia
 h - 2 scrolls of remove curse
 i - 3 scrolls of immolation
 k - 4 scrolls of identify
 l - a scroll of enchant weapon
 o - a scroll of fog
Potions
 m - a potion of brilliance
Comestibles
 d - 2 bread rations
 f - 3 meat rations
 n - 3 beef jerkies
 p - 5 chunks of flesh
 r - a royal jelly


   Skills:
 - Level 3.2 Fighting
 + Level 7.3 Axes
 - Level 3.2 Armour
 + Level 3.7 Shields


You had 6 spell levels left.
You didn't know any spells.

Dungeon Overview and Level Annotations

Branches:
Dungeon (4/15)
 Temple: D:4-7

Altars:
Kikubaaqudgha
Qazlal
Vehumet
The Shining One

Annotations:
D:4 NewYearsCrawler's ghost, average FoFi


Innate Abilities, Weirdness & Mutations

You are under a permanent stasis effect.
You can dig through walls and to a lower floor.
Your four strong arms can wield two-handed weapons with a shield.
You have a pair of large antennae on your head (SInv).
Scrolls take you a little longer to read.
Your mind is acute. (Int +2)
Your body is slowly deteriorating.
You are frail (-10% HP).
You evolve.
You expend magic power (3 MP) to slightly strengthen your wands.


Message History

You feel clever.
Your vision blurs.
The elf zombie hits you.
* * * LOW HITPOINT WARNING * * *
Drink which item? (? for menu, Esc to quit)
It was a potion of poison.
That liquid tasted very nasty...
You are lethally poisoned!
* * * LOW HITPOINT WARNING * * *
You feel sick.
An arrow hits the mummy, but does no damage!
Drink which item? (? for menu, Esc to quit)
You feel extremely strange.
You feel nature experimenting on you.
Don't worry, failures die fast.
You feel yourself wasting away.
You feel frail.
* * * LOW HITPOINT WARNING * * *
You feel sick. The elf zombie hits you.
* * * LOW HITPOINT WARNING * * *
* * * LOW HITPOINT WARNING * * *
You feel sick. The elf zombie hits you.
You die...

##################
..∩..........Z#.@#
.............Z#Z.#
#####.........##'#
.............^^M.#
...............M.#
..........##.....#
........{{##.....#
.................#
..............#..#


You could see 2 mummies, a big kobold zombie and 2 elf zombies.

Vanquished Creatures
  A phantom (D:4)
  An ogre (D:4)
  A human zombie (Ossuary)
  A giant frog skeleton (D:4)
  2 worker ants (D:4)
  A hound zombie (Ossuary)
  Terence (D:3)
  Robin (D:3)
  4 adders
  2 worms
  An adder zombie (Ossuary)
  An ooze (D:4)
  An orc (D:3)
  A ball python (D:2)
  7 bats
  5 giant cockroaches
  A gnoll zombie (Ossuary)
  6 hobgoblins
  2 jackals (D:2)
  A quokka (D:4)
  4 giant newts
  14 goblins
  2 goblin zombies (Ossuary)
  10 kobolds
  A kobold zombie (Ossuary)
  An orc zombie (Ossuary)
  6 rats
  A rat zombie (Ossuary)
80 creatures vanquished.

Notes
Turn   | Place    | Note
--------------------------------------------------------------
     0 | D:1      | NewYearsCrawler, the Formicid Fighter, began the quest for the Orb.
     0 | D:1      | Reached XP level 1. HP: 18/18 MP: 1/1
   171 | D:1      | Reached XP level 2. HP: 24/24 MP: 3/3
   781 | D:2      | Reached XP level 3. HP: 27/29 MP: 4/4
   963 | D:2      | Noticed an air elemental
   965 | D:2      | Found a stormy altar of Qazlal.
   966 | D:2      | Noticed an earth elemental
   966 | D:2      | Noticed a fire elemental
   966 | D:2      | Noticed a water elemental
  1222 | D:3      | Found a glowing golden altar of the Shining One.
  1222 | D:3      | Found a radiant altar of Vehumet.
  1259 | D:3      | Noticed Robin
  1273 | D:3      | Reached skill level 4 in Axes
  1273 | D:3      | Reached XP level 4. HP: 21/35 MP: 5/5
  1283 | D:3      | Killed Robin
  1357 | D:3      | Noticed Terence
  1365 | D:3      | Killed Terence
  2052 | D:3      | Reached XP level 5. HP: 39/41 MP: 7/7
  2181 | D:3      | Reached skill level 5 in Axes
  2322 | D:4      | Noticed a phantom
  2505 | D:4      | Killed a phantom
  2505 | D:4      | Reached skill level 6 in Axes
  2505 | D:4      | Reached XP level 6. HP: 27/47 MP: 8/8
  2564 | D:4      | Noticed NewYearsCrawler's ghost (average FoFi)
  2566 | D:4      | Noticed an ogre
  2667 | D:4      | Found an ancient bone altar of Kikubaaqudgha.
  2790 | D:4      | Found a sand-covered staircase.
  2815 | D:4      | Killed an ogre
  2815 | D:4      | Reached skill level 7 in Axes
  2815 | D:4      | Reached XP level 7. HP: 52/52 MP: 9/9
  2828 | Ossuary  | Entered an ossuary
  2883 | Ossuary  | Gained mutation: You expend magic power (3 MP) to slightly strengthen your wands. [potion of mutation]
  2883 | Ossuary  | Gained mutation: Your mind is acute. (Int +2) [potion of mutation]
  2883 | Ossuary  | Gained mutation: Scrolls take you a little longer to read. [potion of mutation]
  2885 | Ossuary  | Gained mutation: You evolve. [potion of mutation]
  2885 | Ossuary  | Gained mutation: Your body is slowly deteriorating. [potion of mutation]
  2885 | Ossuary  | Gained mutation: You are frail (-10% HP). [potion of mutation]
  2885 | Ossuary  | HP: 2/46 [elf zombie (2)]
  2886 | Ossuary  | Slain by an elf zombie

Action                   |  1- 3 |  4- 6 |  7- 9 || total
-------------------------+-------+-------+-------++-------
Melee: War axe           |    84 |   121 |    21 ||   226
  Use: Potion            |       |     4 |     3 ||     7
       Scroll            |       |     6 |       ||     6
  Eat: Chunk             |       |     6 |       ||     6
